 Dungeon Crawl Stone Soup version 0.21.1-1-g345015f (webtiles) character file.

310 Monsterracer the Firebug (level 6, 0/36 HPs)
             Began as an Octopode Fire Elementalist on Feb 13, 2018.
             Succumbed to a kobold's poison
             ... on level 3 of the Dungeon.
             The game lasted 00:04:32 (2938 turns).

Monsterracer the Firebug (OpFE)                     Turns: 2938, Time: 00:04:33

Health: 0/36       AC:  1    Str:  8    XL:     6   Next: 41%
Magic:  1/19       EV: 13    Int: 19    God:
Gold:   102        SH:  0    Dex: 12    Spells: 3/11 levels left

rFire    + . .     SeeInvis .   g - +0 long sword
rCold    x . .     Gourm    .   (no shield)
rNeg     . . .     Faith    .   (helmet restricted)
rPois    .         Spirit   .   d - amulet of rage
rElec    .         Reflect  .   h - ring of magical power
rCorr    .         Harm     .   i - ring of fire
MR       +....                  j - ring of protection from magic {!d}
Stlth    +++.......             (no ring)
HPRegen  0.12/turn              (no ring)
MPRegen  0.16/turn              (no ring)
                                (no ring)
                                (no ring)

@: lethally poisoned (0 -> -3), very slightly contaminated
A: almost no armour, stealthy swim, amphibious, 8 rings, constrict 8, camouflage
1, gelatinous body 1
a: Evoke Berserk Rage


You were on level 3 of the Dungeon.
You were hungry.

You visited 1 branch of the dungeon, and saw 3 of its levels.

You collected 102 gold pieces.

Inventory:

Hand Weapons
 g - a +0 long sword (weapon)
Armour
 e - a +1 shield
Jewellery
 d - an amulet of rage (around mantle)
 h - a ring of magical power (left tentacle)
 i - a ring of fire (right tentacle)
 j - a ring of protection from magic (on tentacle) {!d}
Scrolls
 k - a scroll of enchant armour
 m - 2 scrolls of remove curse
 n - a scroll of fog {unknown}
Potions
 f - a potion of might
Books
 a - a book of Flames

   Spells                             Type                      Level
   a - Flame Tongue                   Conjuration/Fire             1
   b - Throw Flame                    Conjuration/Fire             2
   c - Conjure Flame                  Conjuration/Fire             3
   d - Inner Flame                    Hexes/Fire                   3
   e - Sticky Flame                   Conjuration/Fire             4
   f - Fireball                       Conjuration/Fire             5
Comestibles
 c - 5 rations


   Skills:
 - Level 2.0 Dodging
 - Level 2.6 Stealth
 + Level 3.2 Spellcasting
 * Level 3.9 Conjurations
 * Level 4.9 Fire Magic


You had 3 spell levels left.
You knew the following spells:

 Your Spells              Type           Power        Failure   Level  Hunger
a - Flame Tongue          Conj/Fire      ####.        2%          1    None
b - Conjure Flame         Conj/Fire      ####....     7%          3    ###....
c - Sticky Flame          Conj/Fire      ####....     24%         4    ####...


Dungeon Overview and Level Annotations

Branches:
Dungeon (3/15)

Altars:


Innate Abilities, Weirdness & Mutations

You cannot wear most types of armour.
You are very stealthy in the water. (Stealth+)
You are amphibious.
You can wear up to eight rings at the same time.
You can use your tentacles to constrict eight enemies at once.
Your skin changes colour to match your surroundings (Stealth+).
Your rubbery body absorbs attacks. (AC +1, EV +1)


Message History

The kobold shoots a poisoned needle.
The poisoned needle hits you!
You are poisoned.
You see here a poisoned needle.
Casting: Flame Tongue
Confirm with . or Enter, or press ? or * to list all spells.
You can't see any susceptible monsters within range! (Use Z to cast anyway.) Unknown command.
You feel sick.
You take 1 damage, and have 35/36 hp.
You feel sick.
You take 1 damage, and have 34/36 hp.
An orc wizard is nearby!
Casting: Flame Tongue
Confirm with . or Enter, or press ? or * to list all spells.
You can't see any susceptible monsters within range! (Use Z to cast anyway.)
You feel sick.
You take 1 damage, and have 33/36 hp.
Casting: Flame Tongue
Confirm with . or Enter, or press ? or * to list all spells.
Aiming: Flame Tongue
Press: ? - help, Shift-Dir - straight line, f - kobold
Aim: a kobold, wielding a blowgun and wearing a plate armour You feel a surge of power!
The flame tongue hits the kobold.
The kobold appears unharmed.
You now have 13/19 mp.
You feel sick.
The kobold unwields an uncursed blowgun.
The kobold wields an uncursed club.
The kobold closely misses you.
You take 1 damage, and have 32/36 hp.
Casting: Flame Tongue
Confirm with . or Enter, or press ? or * to list all spells.
Aiming: Flame Tongue
Press: ? - help, Shift-Dir - straight line, f/p - kobold
Aim: a kobold, wielding a club and wearing a plate armour You feel a surge of power!
The flame tongue hits the kobold.
The kobold appears unharmed.
You feel sick.
The orc wizard points at you and mumbles some strange words.
The magic dart hits you!
You take 12 damage, and have 20/36 hp.
MASSIVE DAMAGE!!
You now have 12/19 mp.
Casting: Flame Tongue
Confirm with . or Enter, or press ? or * to list all spells.
Aiming: Flame Tongue
Press: ? - help, Shift-Dir - straight line, f/p - kobold
Aim: a kobold, wielding a club and wearing a plate armour You feel a surge of power!
The flame tongue hits the kobold.
You kill the kobold!
You now have 11/19 mp.
Casting: Flame Tongue
Confirm with . or Enter, or press ? or * to list all spells.
Aiming: Flame Tongue
Press: ? - help, Shift-Dir - straight line, f - orc wizard
Aim: an orc wizard, wielding a dagger and wearing a robe You feel a surge of power!
The flame tongue hits the orc wizard.
The orc wizard is moderately wounded.
You feel sick.
The orc wizard casts a spell.
The orc wizard blinks!
You take 1 damage, and have 20/36 hp.
You now have 10/19 mp.
Casting: Flame Tongue
Confirm with . or Enter, or press ? or * to list all spells.
Aiming: Flame Tongue
Press: ? - help, Shift-Dir - straight line, f/p - orc wizard
Aim: an orc wizard, wielding a dagger and wearing a robe (moderately wounded)
You feel a surge of power!
The flame tongue hits the orc wizard.
The orc wizard is heavily wounded.
The orc wizard gestures at you while chanting.
The magic dart hits you!
* * * LOW HITPOINT WARNING * * *
You take 10 damage, and have 10/36 hp.
MASSIVE DAMAGE!!
You now have 9/19 mp.
Casting: Flame Tongue
Confirm with . or Enter, or press ? or * to list all spells.
Aiming: Flame Tongue
Press: ? - help, Shift-Dir - straight line, f/p - orc wizard
Aim: an orc wizard, wielding a dagger and wearing a robe (heavily wounded)
You feel a surge of power!
The flame tongue hits the orc wizard.
The orc wizard is severely wounded.
Casting: Flame Tongue
Confirm with . or Enter, or press ? or * to list all spells.
Aiming: Sticky Flame
Press: ? - help, Shift-Dir - straight line, f/p - orc wizard
Aim: an orc wizard, wielding a dagger and wearing a robe (severely wounded)
You feel a surge of power!
You miscast Sticky Flame.
You are very lightly contaminated with residual magic.
You smell something strange.
You feel sick. The orc wizard closely misses you.
You take 1 damage, and have 9/36 hp.
You now have 5/19 mp.
Casting: Sticky Flame
Confirm with . or Enter, or press ? or * to list all spells.
Aiming: Sticky Flame
Press: ? - help, Shift-Dir - straight line, f/p - orc wizard
Aim: an orc wizard, wielding a dagger and wearing a robe (severely wounded)
You feel a surge of power!
You miscast Sticky Flame.
You resist.
You are caught in a fiery explosion!
The explosion engulfs you! You resist.
* * * LOW HITPOINT WARNING * * *
The explosion engulfs the orc wizard.
The orc wizard dies!
You are feeling hungry.
You hear a shout! x2
You take 8 damage, and have 1/36 hp.
MASSIVE DAMAGE!!
You now have 1/19 mp.
Okay, then.
You die...

.###'########## .# ...
.###..........###.#....#
.....)..................
.####........#..........
.# #..)..[.#_#..o#.##.# .#
#........#.)..# ...# ##
#.............# .##..
#..........#)###......
#####.........#.@......#
....#.........#.)###.#....
....####'##<#†..(# # #
.........##.#.##.#
..........###.##.#
........#.....##+#
........#..##.....#
........##.##.....#
........##..#.....#


You could see an orc (wandering).

Vanquished Creatures
  Sigmund (D:2)
  An orc priest (D:3)
  Natasha (twice) (D:3)
  An adder (D:2)
  A worm (D:2)
  A dart slug (D:2)
  4 leopard geckos
  3 orcs (D:3)
  7 bats
  2 giant cockroaches (D:2)
  6 goblins
  5 hobgoblins
  4 jackals
  2 quokkas
  A ball python (D:1)
  2 frilled lizards (D:1)
  5 kobolds
  3 rats
51 creatures vanquished.

Vanquished Creatures (others)
  An orc wizard (D:3)
1 creature vanquished.

Grand Total: 52 creatures vanquished

Notes
Turn   | Place    | Note
-------+----------+-------------------------------------------
     0 | D:1      | Monsterracer the Octopode Fire Elementalist began the quest for the Orb.
     0 | D:1      | Reached XP level 1. HP: 11/11 MP: 3/3
    61 | D:1      | HP: 5/11 [jackal (2)]
   392 | D:1      | Reached XP level 2. HP: 17/17 MP: 3/5
  1221 | D:2      | Reached XP level 3. HP: 21/21 MP: 6/6
  1226 | D:2      | Learned a level 3 spell: Conjure Flame
  1413 | D:2      | Noticed Sigmund
  1437 | D:2      | HP: 4/21 [something (8)]
  1443 | D:2      | HP: 3/21 [something (2)]
  1765 | D:2      | HP: 8/21 [Sigmund/magic dart (8)]
  1772 | D:2      | Killed Sigmund
  1772 | D:2      | Reached skill level 4 in Fire Magic
  1772 | D:2      | Reached XP level 4. HP: 12/27 MP: 4/8
  1772 | D:2      | Reached XP level 5. HP: 13/31 MP: 4/9
  2118 | D:2      | Learned a level 4 spell: Sticky Flame
  2454 | D:3      | Noticed Natasha
  2462 | D:3      | Killed Natasha
  2611 | D:3      | Reached XP level 6. HP: 36/36 MP: 10/10
  2741 | D:3      | Noticed Natasha
  2742 | D:3      | Found a faded altar of an unknown god.
  2764 | D:3      | Killed Natasha
  2934 | D:3      | HP: 10/36 [orc wizard/magic dart (10)]
  2937 | D:3      | HP: 1/36 [miscasting Sticky Flame (8)]
  2938 | D:3      | Succumbed to a kobold's poison

Skill      XL: |  1  2  3  4  5 |
---------------+----------------+-----
Conjurations   | 2 3 |  3.9
Fire Magic     | 4 |  4.9
Spellcasting   | 3 |  3.2
Dodging        | |  2.0
Stealth        | |  2.6

Action                   |  1- 3 |  4- 6 || total
-------------------------+-------+-------++-------
Melee: Unarmed           |     6 |       ||     6
       Constrict         |     4 |     3 ||     7
       Tentacles         |     1 |     1 ||     2
       Dagger            |     5 |     4 ||     9
 Cast: Flame Tongue      |    46 |    47 ||    93
       Conjure Flame     |     3 |       ||     3
       Sticky Flame      |       |     3 ||     3
  Use: Scroll            |     1 |     6 ||     7
       Potion            |     3 |       ||     3
 Stab: Sleeping          |       |     1 ||     1
  Eat: Chunk             |     2 |     2 ||     4
       Ration            |     1 |       ||     1
Armor: Skin              |     1 |       ||     1
Dodge: Dodged            |    17 |    18 ||    35
       Rpst.: Long sword |       |     2 ||     2

Vault maps used:
D:1:      dpeg_arrival_more_subterranean_lakeside_camping,
          minmay_misc_feat_pillars
D:2:      minmay_hedge_maze, minmay_misc_feat_secret_circle, uniq_sigmund
D:3:      okawaru_metal_pillars_3, chequers_ecumenical_altar_simple,
          uniq_natasha
